 Dungeon Crawl Stone Soup version 0.32-a0-589-g2d1f746d5d (webtiles) character file.

Game seed: 18355641924391713691

103295 inmateoo the Fencer (level 16, -13/131 HPs)
             Began as a Coglin Gladiator on Mar 2, 2024.
             Was an Initiate of Gozag.
             Blown up by an orb spider (64 damage)
             ... with an orb of destruction
             ... on level 2 of the Spider Nest.
             The game lasted 00:25:11 (25743 turns).

inmateoo the Fencer (Coglin Gladiator)             Turns: 25743, Time: 00:25:11

Health: -13/131    AC: 38    Str: 21    XL:     16   Next: 35%
Magic:  2/16       EV:  8    Int:  9    God:    Gozag
Gold:   4485       SH:  0    Dex: 16    Spells: 15/15 levels left

rFire   + + .        r - +12 falchion "Demonslayer" {elec, Will++}
rCold   + . .        o - +3 double sword (elec) {Nittaya}
rNeg    + . .        m - +9 scales of the Dragon King {rPois rF+ rC+ Will+}
rPois   +            N - +0 helmet "Quneti Giufi" {rN+}
rElec   .            w - +0 cloak
rCorr   +            R - +3 Mad Mage's Maulers {Infuse+∞ VampMP -Cast}
SInv    .            E - +0 pair of boots
Will    ++++.        (amulet unavailable) Stlth
                     (ring unavailable)
HPRegen 0.41/turn    (ring unavailable)
MPRegen 0.15/turn    x - neorecursive dynamo {RevParry, rPois rF+ rCorr}

%: no spellcasting, infuse magic (2 MP)
@: revving
A: off-hand wielding, slow wielding, warmup strikes, no jewellery
a: Renounce Religion, Potion Petition, Call Merchant, Bribe Branch


You were on level 2 of the Spider Nest.
You worshipped Gozag.
Gozag was most pleased with you.
You visited 4 branches of the dungeon, and saw 24 of its levels.
You visited 1 bazaar.
You also visited: Gauntlet.

You collected 9520 gold pieces.
You spent 4948 gold pieces at shops.
You paid 87 gold pieces to Gozag.

Inventory:

Hand Weapons
 o - a +3 double sword of electrocution (offhand) {Nittaya}
 r - the +12 falchion "Demonslayer" (weapon) {elec, Will++}
   (You found it on level 4 of the Dungeon)

   Will++:    It greatly increases your willpower.
 A - a +1 scimitar of flaming {María}
Missiles
 d - 4 throwing nets (quivered)
 e - 24 javelins
 J - 5 silver javelins
Armour
 m - the +9 scales of the Dragon King (worn) {rPois rF+ rC+ Will+}
   (You bought it in a shop on level 5 of the Dungeon)

   rF+:       It protects you from fire.
   rC+:       It protects you from cold.
   rPois:     It protects you from poison.
   Will+:     It increases your willpower.
 w - a +0 cloak (worn)
 E - a +0 pair of boots (worn)
 N - the +0 helmet "Quneti Giufi" (worn) {rN+}
   (You found it in a Gauntlet)

   rN+:       It protects you from negative energy.
 R - the +3 Mad Mage's Maulers (worn) {Infuse+∞ VampMP -Cast}
   (You acquired it on level 1 of the Spider Nest)

   Infuse+∞: It empowers its wearer's blows with all of their magic.
   VampMP:    Blows struck in melee replenish the wearer's magic.
   -Cast:     It prevents spellcasting.
Gizmo
 x - a neorecursive dynamo (installed) {RevParry, rPois rF+ rCorr}
   (You invented it yourself on level 4 of the Lair of Beasts)

   [neorecursive dynamo]

   RevParry:  Your AC increases as you Rev (up to +5) and while fully Revved,
   your attacks may disarm enemies.
   rF+:       It protects you from fire.
   rPois:     It protects you from poison.
   rCorr:     It protects you from acid and corrosion.
Wands
 c - a wand of polymorph (2)
 f - a wand of iceblast (12)
 k - a wand of paralysis (19)
 t - a wand of mindburst (6)
 y - a wand of flame (17)
 P - a wand of light (16)
Scrolls
 a - 13 scrolls of teleportation
 g - 5 scrolls of enchant armour
 u - a scroll of summoning
 z - 2 scrolls of silence
 B - 3 scrolls of revelation
 F - 5 scrolls of blinking
 I - a scroll of fog
 L - 7 scrolls of identify
 M - 3 scrolls of vulnerability
 Q - a scroll of brand weapon
Potions
 b - 3 potions of haste
 h - 3 potions of might
 i - 3 potions of heal wounds
 j - 4 potions of enlightenment
 l - 5 potions of brilliance
 n - a potion of ambrosia
 p - a potion of resistance
 q - 12 potions of curing
 s - a potion of magic
 v - 5 potions of mutation
 D - a potion of lignification
 G - 2 potions of cancellation
 H - 3 potions of attraction
 S - a potion of berserk rage
Miscellaneous
 C - a condenser vane
 K - a lightning rod (4/4)


   Skills:
 + Level 13.2 Fighting
 * Level 18.4 Long Blades
 - Level 1.7 Throwing
 + Level 12.1 Armour
 + Level 12.3 Dodging
 - Level 2.2 Stealth


You had 15 spell levels left.
You didn't know any spells.
Your spell library contained the following spells:

 Spells                   Type           Power      Damage    Failure   Level
 Apportation              Tloc           0%         N/A       100%        1
 Necrotise                Necr           0%         1d4       100%        1
 Shock                    Conj/Air       0%         1d3       100%        1
 Jinxbite                 Hex            0%         N/A       100%        2
 Swiftness                Air            0%         N/A       100%        3
 Tukima's Dance           Hex            0%         N/A       100%        3
 Vampiric Draining        Necr           0%         2d6       100%        3
 Airstrike                Air            0%         2d(0-16)  100%        4
 Martyr's Knell           Necr/Summ      0%         N/A       100%        4
 Passage of Golubria      Tloc           0%         N/A       100%        4
 Alistair's Intoxication  Alch           0%         N/A       100%        5
 Curse of Agony           Necr           0%         N/A       100%        5
 Yara's Violent Unravell  Hex/Alch       0%         3d3       100%        5
 Malign Gateway           Summ/Tloc      0%         N/A       100%        7
 Summon Horrible Things   Summ           0%         N/A       100%        8


Dungeon Overview and Level Annotations

Branches:
Dungeon (15/15)            Temple (0/1) D:7            Lair (5/5) D:9
  Swamp (0/4) Lair:3       Spider (2/4) Lair:2        Slime (0/5) Lair:4
    Orc (2/2) D:11            Elf (0/3) Orc:2        Vaults (0/5) D:13
 Depths (0/4) D:15        Gauntlet (visited)

Altars:
Ashenzari
Cheibriados
Elyvilon
Gozag
Hepliaklqana
Kikubaaqudgha
Okawaru
Sif Muna
Trog
Xom
The Shining One
Beogh

Shops:
D:5 [   D:7 =   D:9 *   D:10 *   D:12 :=(=   Orc:2 [:*[

Annotations:
D:5 1 runed translucent door
Lair:3 exclusion: 2 oklob plants


Innate Abilities, Weirdness & Mutations

You can wield a second weapon in your off-hand.
It takes a long time for you to wield or remove held weapons.
Your first few attacks do less damage.
You cannot equip rings or amulets.


Message History

Lightning courses through the wolf spider!
The orb spider is distracted by your dazzling golden aura.
The wolf spider hits you but does no damage.
The wolf spider closely misses you.
The orb spider's many legs skitter faintly.
You slash the jumping spider with the +12 falchion "Demonslayer"!
Lightning courses through the jumping spider!
You kill the jumping spider!
The orb spider weaves a glowing orb of energy.
The wolf spider is distracted by your dazzling golden aura.
An orb of destruction comes into view.
You strike the helpless wolf spider from behind!
You hit the wolf spider with the +12 falchion "Demonslayer".
The wolf spider is no longer distracted by gold.
The wolf spider is severely wounded.
You closely miss the wolf spider with your +3 double sword of electrocution.
The wolf spider closely misses you.
The wolf spider bites you but does no damage.
You hit the wolf spider with your +3 double sword of electrocution.
Lightning courses through the wolf spider!
You kill the wolf spider!
The orb of destruction hits a rock wall.
The orb spider begins to weave its threads into a brightly glowing ball.
You see here 4 gold pieces.
The orb spider is no longer distracted by gold.
The orb spider pulsates with a strange energy.
You see here 17 gold pieces.
The orb spider weaves a glowing orb of energy.
An orb of destruction comes into view.
You see here 6 gold pieces.
The orb spider weaves a glowing orb of energy.
An orb of destruction comes into view.
You see here 6 gold pieces.
The orb of destruction hits you!!!
The orb spider begins to weave its threads into a brightly glowing ball.
The orb spider pulsates with a strange energy.
The orb spider weaves a glowing orb of energy.
An orb of destruction comes into view.
The orb of destruction hits you!!!
You die...

.. #..$....#......
...#^.........>...
...#...$.^#......^
........$$#.○.....
.....s○.s$.°......
...#..☼.#°........
.. #..○.##$$......
# #...☼##$####...
#...@##.# #^
#....##.#
#..<###^# ##..#
#.# #### #.. ..#
###


You could see 2 orb spiders.

Vanquished Creatures
  A broodmother (Spider:2)
  A minotaur (Gauntlet)
  An eleionoma (Lair:3)
  A dire elephant (Gauntlet)
  An ettin (D:15)
  2 entropy weavers (Spider:1)
  6 hydras
  Fannar (D:12)
  A catoblepas (Lair:4)
  An ogre mage (D:13)
  A ghost crab (Gauntlet)
  6 two-headed ogres
  2 tengu warriors
  11 death yaks (Lair:5)
  A centaur warrior (D:15)
  6 boulder beetles
  Urug (D:12)
  4 orc high priests
  2 skysharks (Lair:5)
  A fire crab (Lair:5)
  2 pharaoh ants
  A skeletal warrior (D:13)
  A deep troll (D:15)
  An orb spider (Spider:1)
  2 steelbarb worms (Spider:1)
  7 orc knights
  5 cyclopes
  8 wolf spiders
  11 elephants
  A manticore (D:15)
  2 oklob plants (Lair:3)
  4 orc sorcerers (Orc:2)
  4 black mambas
  4 meliai
  2 moths of wrath (Spider:2)
  2 slime creatures (D:14)
  5 kobold blastminers
  An eye of devastation (Lair:4)
  4 centaur skeletons (D:13)
  A cane toad (shapeshifter) (D:13)
  11 cane toads
  4 rime drakes (Lair:5)
  A gargoyle (D:10)
  Maggie (D:9)
  2 kobold demonologists
  3 efreet
  9 komodo dragons
  3 tengu conjurers
  6 trolls
  A merfolk (Bazaar)
  3 polar bears (Lair:5)
  Prince Ribbit (D:8)
  2 hornets (Lair:5)
  2 tarantellas (Spider:1)
  A glass eye (Lair:4)
  25 blink frogs
  6 dream sheep (Lair:5)
  4 jumping spiders
  5 culicivoras
  13 spriggans (Lair:5)
  A jumping spider (shapeshifter) (D:15)
  2 shadows
  A vampire (D:11)
  6 basilisks
  2 wraiths
  45 yaks
  4 wyverns
  Eustachio (D:3)
  A human (shapeshifter) (D:13)
  13 redbacks (Spider:1)
  16 vampire mosquitoes
  4 wargs
  3 steam dragons
  13 water moccasins
  2 acid dragons
  5 ice beasts
  9 black bears
  21 orc warriors
  7 ogres
  2 laughing skulls (D:15)
  3 sky beasts
  5 boggarts (Lair:5)
  32 wolves
  4 centaurs
  4 kobold brigands
  8 bullfrogs
  2 gnoll sergeants
  9 scorpions
  A wight (D:6)
  24 killer bees
  3 howler monkeys
  A bombardier beetle (D:5)
  2 jellies (D:6)
  23 orc priests
  3 hounds
  2 gnoll boudas
  7 iguanas
  2 sleepcaps (D:8)
  A scorpion zombie (D:7)
  29 orc wizards
  4 hell rats (Lair:5)
  A killer bee zombie (D:7)
  19 gnolls
  A howler monkey skeleton (D:7)
  8 adders
  A shadow imp (D:6)
  4 white imps (D:6)
  A ribbon worm (D:3)
  76 orcs
  9 endoplasms
  5 giant cockroaches
  8 goblins
  4 hobgoblins
  3 jackals (D:1)
  7 kobolds
  6 quokkas
  7 ball pythons
  5 bats
  3 frilled lizards (D:2)
  4 rats
  3 butterflies (D:5)
724 creatures vanquished.

Notes
Turn   | Place    | Note
-------+----------+-------------------------------------------
     0 | D:1      | inmateoo the Coglin Gladiator began the quest for the Orb.
     0 | D:1      | Reached XP level 1. HP: 16/16 MP: 1/1
   123 | D:1      | Reached XP level 2. HP: 16/22 MP: 2/2
   669 | D:1      | Reached XP level 3. HP: 18/22 MP: 3/3
   732 | D:1      | Reached skill level 1 in Armour
   913 | D:2      | Reached XP level 4. HP: 32/33 MP: 4/4
  1277 | D:2      | Found a shimmering blue altar of Sif Muna.
  1700 | D:3      | Reached skill level 4 in Long Blades
  1703 | D:3      | Found a broken altar of Ashenzari.
  1729 | D:3      | Found an iron altar of Okawaru.
  1759 | D:3      | Found a faded altar of an unknown god.
  1901 | D:3      | Reached XP level 5. HP: 40/40 MP: 5/5
  2140 | D:4      | Noticed Eustachio
  2156 | D:3      | Killed Eustachio
  2157 | D:3      | Reached XP level 6. HP: 38/47 MP: 6/6
  2262 | D:4      | Noticed a black bear
  2270 | D:4      | Killed a black bear
  2271 | D:4      | Reached skill level 5 in Long Blades
  2284 | D:4      | Reached skill level 1 in Stealth
  2284 | D:4      | Reached XP level 7. HP: 18/52 MP: 7/7
  2500 | D:4      | Identified the +12 falchion "Demonslayer" {elec, Will++}
  2956 | D:5      | Entered Level 5 of the Dungeon
  2965 | D:5      | Found Xaguxkela's Antique Armour Shoppe.
  3048 | D:5      | Found a snail-covered altar of Cheibriados.
  3399 | D:5      | Reached skill level 6 in Long Blades
  3524 | D:5      | Found a shimmering altar of Xom.
  3526 | D:5      | Found an ancient bone altar of Kikubaaqudgha.
  3526 | D:5      | Found a shimmering blue altar of Sif Muna.
  3527 | D:5      | Found a hazy altar of Hepliaklqana.
  3527 | D:5      | Found an opulent altar of Gozag.
  3538 | D:5      | Became a worshipper of Hepliaklqana the Forgotten
  3541 | D:5      | Fell from the grace of Hepliaklqana
  3545 | D:5      | Became a worshipper of Gozag Ym Sagoz the Greedy
  3683 | D:5      | Found a runed translucent door.
  3685 | D:5      | Found a runed translucent door.
  3685 | D:5      | Noticed a vampire mosquito
  3685 | D:5      | Noticed a vampire mosquito
  4080 | D:5      | Identified 2 scrolls of acquirement
  4080 | D:5      | Acquired 503 gold pieces
  4185 | D:5      | Killed a vampire mosquito
  4196 | D:5      | Killed a vampire mosquito
  4310 | D:5      | Acquired a +2 double sword of electrocution
  4475 | D:6      | Was forgiven by Hepliaklqana
  4475 | D:6      | Reached XP level 8. HP: 57/60 MP: 8/8
  4865 | D:6      | Reached skill level 7 in Long Blades
  4998 | D:6      | Reached skill level 5 in Fighting
  5014 | D:6      | Reached skill level 5 in Dodging
  5016 | D:6      | Reached XP level 9. HP: 56/68 MP: 9/9
  5137 | D:6      | Reached skill level 8 in Long Blades
  5436 | D:7      | Found a staircase to the Ecumenical Temple.
  5521 | D:7      | Found Feajios's Jewellery Shoppe.
  5592 | D:7      | Reached skill level 5 in Armour
  5932 | D:7      | Reached skill level 9 in Long Blades
  6379 | D:8      | Reached XP level 10. HP: 76/76 MP: 10/10
  6464 | D:8      | Noticed Prince Ribbit
  6486 | D:8      | Killed Prince Ribbit
  6851 | D:8      | Reached skill level 10 in Long Blades
  7103 | D:9      | Found a staircase to the Lair.
  7218 | D:9      | Noticed a two-headed ogre
  7376 | D:9      | Killed a two-headed ogre
  7529 | D:9      | Found Keat's Assorted Antiques.
  7559 | D:9      | Noticed Maggie
  7567 | D:9      | Killed Maggie
  7568 | D:9      | Reached XP level 11. HP: 70/84 MP: 11/11
  7740 | D:9      | Identified the +3 dagger of Ammeif {freeze, Str+5}
  7928 | D:9      | Noticed a two-headed ogre
  7940 | D:9      | Killed a two-headed ogre
  7941 | D:9      | Reached skill level 11 in Long Blades
  8676 | D:10     | Entered Level 10 of the Dungeon
  8712 | D:10     | Identified the +7 dagger of the Wraith {venom, Will- rCorr
                  | Str+2 SInv}
  8780 | D:10     | Noticed a two-headed ogre
  8788 | D:10     | Killed a two-headed ogre
  8985 | D:10     | Found Deatam's Assorted Antiques.
  9270 | D:10     | Noticed a two-headed ogre
  9275 | D:10     | Killed a two-headed ogre
  9548 | D:10     | Found a white marble altar of Elyvilon.
  9555 | D:10     | Found a bloodstained altar of Trog.
  9745 | D:11     | Found a flickering gateway to a bazaar.
  9754 | Bazaar   | Entered a bazaar
  9754 | Bazaar   | Found Oralug's Magic Scroll Shop.
  9754 | Bazaar   | Found Mojiumegg's Jewellery Shop.
  9754 | Bazaar   | Found Ycwu's General Store.
  9896 | Bazaar   | Bought a scroll of revelation for 105 gold pieces
  9896 | Bazaar   | Bought a scroll of identify for 28 gold pieces
  9896 | Bazaar   | Bought a scroll of blinking for 105 gold pieces
  9896 | Bazaar   | Bought a scroll of blinking for 105 gold pieces
  9896 | Bazaar   | Bought a scroll of blinking for 105 gold pieces
  9896 | Bazaar   | Bought a scroll of revelation for 105 gold pieces
  9897 | Bazaar   | Bought a scroll of identify for 28 gold pieces
  9897 | Bazaar   | Bought a scroll of identify for 28 gold pieces
  9905 | D:11     | Found a staircase to the Orcish Mines.
  9991 | D:11     | Noticed a two-headed ogre
  9999 | D:11     | Killed a two-headed ogre
 10000 | D:11     | Reached skill level 12 in Long Blades
 10001 | D:11     | Noticed a boulder beetle
 10008 | D:11     | Killed a boulder beetle
 10433 | D:11     | Noticed a cyclops
 10435 | D:11     | Reached XP level 12. HP: 94/94 MP: 12/12
 10621 | D:11     | You fall into a shaft and drop 1 floor!
 10825 | D:12     | Noticed Fannar
 10935 | D:12     | Killed Fannar
 11094 | D:12     | Found Suluos Ymy's Book Shoppe.
 11118 | D:12     | Found Noorul Rayse's Jewellery Shop.
 11377 | D:12     | Noticed Urug
 11385 | D:12     | Killed Urug
 11490 | D:12     | Found Urayff's Jewellery Boutique.
 11504 | D:12     | Found Ceokoeh's Antique Weapon Shoppe.
 11972 | D:11     | Found a roughly hewn altar of Beogh.
 12173 | Lair:1   | Entered Level 1 of the Lair of Beasts
 12210 | Lair:1   | Reached skill level 13 in Long Blades
 13183 | Lair:2   | Noticed a boulder beetle
 13215 | Lair:2   | Killed a boulder beetle
 13269 | Lair:2   | Found a gate leading to a gauntlet.
 13276 | Gauntlet | Entered a Gauntlet
 13276 | Gauntlet | Noticed a ghost crab
 13276 | Gauntlet | Found a transporter.
 13276 | Gauntlet | Found a transporter.
 13276 | Gauntlet | Found a transporter.
 13280 | Gauntlet | Found a transporter.
 13288 | Gauntlet | Found a transporter.
 13291 | Gauntlet | Found a transporter.
 13306 | Gauntlet | Noticed a soul eater
 13312 | Gauntlet | Found a transporter.
 13334 | Gauntlet | Found a transporter.
 13352 | Gauntlet | Found a transporter.
 13360 | Gauntlet | Found a transporter.
 13378 | Gauntlet | Found a transporter.
 13430 | Gauntlet | Found a transporter.
 13441 | Gauntlet | Noticed a dire elephant
 13478 | Gauntlet | Killed a ghost crab
 13569 | Gauntlet | Identified the +0 helmet "Quneti Giufi" {rN+}
 13601 | Gauntlet | Killed a dire elephant
 13602 | Gauntlet | Reached XP level 13. HP: 58/103 MP: 13/13
 13890 | Gauntlet | Identified the +12 quarterstaff of Corpus Delicti {protect,
                  | rElec Dex+4}
 13890 | Gauntlet | Noticed a minotaur
 13907 | Gauntlet | Killed a minotaur
 13908 | Gauntlet | Reached skill level 10 in Fighting
 13908 | Gauntlet | Reached skill level 14 in Long Blades
 14023 | Gauntlet | Identified the staff of Nybbesok {rF+ Stlth+ Fire}
 14023 | Gauntlet | Identified the staff "Dutsyog" {rElec Dex+2 Air}
 14176 | Lair:2   | Found a hole to the Spider Nest.
 15133 | Lair:3   | Noticed an eleionoma
 15144 | Lair:3   | Killed an eleionoma
 15652 | Lair:3   | Found a staircase to the Swamp.
 15766 | Lair:3   | Reached skill level 10 in Dodging
 16720 | Lair:4   | Reached skill level 15 in Long Blades
 16766 | Lair:4   | Found a staircase to the Slime Pits.
 16800 | Lair:4   | Acquired 953 gold pieces
 17021 | D:5      | Bought the +9 scales of the Dragon King {rPois rF+ rC+
                  | Will+} for 3993 gold pieces
 17021 | D:5      | Found the +9 scales of the Dragon King {rPois rF+ rC+
                  | Will+}
 17357 | Lair:4   | Reached XP level 14. HP: 103/113 MP: 14/14
 17357 | Lair:4   | Acquired a neorecursive dynamo {RevParry, rPois rF+ rCorr}
 17737 | Lair:5   | Entered Level 5 of the Lair of Beasts
 17748 | Lair:5   | Reached skill level 10 in Armour
 17801 | Lair:5   | Paralysed by a hornet for 3 turns
 18423 | Lair:5   | Reached skill level 16 in Long Blades
 19249 | Lair:5   | Reached XP level 15. HP: 70/120 MP: 15/15
 19858 | Orc:1    | Entered Level 1 of the Orcish Mines
 20253 | Orc:2    | Entered Level 2 of the Orcish Mines
 20696 | Orc:2    | Found a staircase to the Elven Halls.
 20803 | Orc:2    | Found Ymais's Antique Armour Boutique.
 20821 | Orc:2    | Reached skill level 17 in Long Blades
 21429 | Orc:2    | Found Teregg's Book Boutique.
 21430 | Orc:2    | Found Ypail's Armour Shoppe.
 21465 | Orc:2    | Found Dudeadgh's Assorted Antiques.
 21472 | Orc:2    | Bought a scroll of revelation for 247 gold pieces
 21472 | Orc:2    | Bought a scroll of teleportation for 99 gold pieces
 22197 | D:13     | Found a gate to the Vaults.
 23023 | D:14     | Identified the +5 chain mail of Good Intentions {^Drain
                  | rElec rN+ SInv}
 23171 | D:14     | Found an ancient bone altar of Kikubaaqudgha.
 23356 | D:14     | Found a glowing golden altar of the Shining One.
 23512 | D:15     | Entered Level 15 of the Dungeon
 23881 | D:15     | Found a staircase to the Depths.
 24407 | Spider:1 | Entered Level 1 of the Spider Nest
 24425 | Spider:1 | Reached XP level 16. HP: 129/129 MP: 16/16
 24466 | Spider:1 | Reached skill level 18 in Long Blades
 25545 | Spider:1 | Acquired the +3 Mad Mage's Maulers {Infuse+∞ VampMP -Cast}
 25545 | Spider:1 | Found the +3 Mad Mage's Maulers {Infuse+∞ VampMP -Cast}
 25743 | Spider:2 | Blown up by an orb spider

Illustrated notes

Levels and vault maps discovered:
D:1:      heliophobic_arrival_battle_scene, layout_rooms, patterned_corridor
D:2:      wad_woods_stonehenge, layout_basic
D:3:      layout_rooms, nicolae_overflow_squiral,
          chequers_ecumenical_altar_simple
D:4:      layout_basic, uniq_eustachio
D:5:      lemuel_insect_pit, layout_gridville, mainiacjoe_overflow_24_doors,
          grunt_temple_overflow_open, serial_shops,
          nicolae_shop_pleasant_corner_grove
D:6:      layout_loops_cross, nzn_random_ring
D:7:      layout_basic, minmay_temple_entry_mist, serial_shops,
          nicolae_shop_real_fake_doors, mainiacjoe_ossuary_entry_find_the_door
D:8:      layout_basic, uniq_prince_ribbit1
D:9:      layout_grid_maze, dpeg_oklobed_lair, kennysheep_small_square,
          uniq_maggie
D:10:     layout_roguey, nicolae_overflow_hidden_temple, serial_shops, shop,
          minmay_door_square
D:11:     layout_cave_pools, minmay_orc_entry_temple_small, serial_shops,
          bzr_entry_customers
D:12:     layout_loops_cross, serial_co_window_serial, co_window_paths_a,
          co_window_paths_a, co_window_corner_a, co_window_of_opportunity_a,
          co_window_paths_b, co_window_paths_b, co_window_paths_b,
          co_window_paths_a, co_window_paths_a, co_window_2corner,
          co_window_paths_c, co_window_corner_b, co_window_sun,
          co_window_paths_e, glass_columns_a, glass_columns_b, glass_columns_b,
          serial_shops, nicolae_shop_gaudy_bauble, shop, shop, shop, uniq_urug,
          uniq_fannar
D:13:     layout_irregular_city, hangedman_vaults_entry_quadrant_bands
D:14:     layout_roguey, tso_metal_star, kiku_gazebo_pond_becter
D:15:     hangedman_depths_entry_civil_slaughter, layout_gridville, minivault_25
Lair:1:   layout_hall_layers, chequers_serial_rivers_large_b
Lair:2:   layout_loops_ring, hellmonk_spider_entry_not_the_bees,
          gauntlet_entry_generic
Lair:3:   minmay_lair_oklob_tunnel, layout_small_grid,
          alex1729_swamp_entry_worm_eleionoma
Lair:4:   layout_misc_corridors, minmay_slime_entry_eyes
Lair:5:   minmay_lair_end_enchanted_forest, layout_cave_pods
Spider:1: layout_cave_pods, hellmonk_narrow_tunnel
Spider:2: layout_chambers, nicolae_spider_not_touching_you
Orc:1:    layout_caves, mines5_lemuel
Orc:2:    st_orc_elflike, layout_caves

Skill      XL: |  1  2  3  4  5  6  7  8  9 10 11 12 13 14 15 16 |
---------------+-------------------------------------------------+-----
Dodging        | 3 4 5 6 7 8 9 10 11 12 | 12.3
Armour         | 1 2 3 4 5 6 7 8 9 10 11 12 | 12.1
Long Blades    | 4 5 6 7 9 10 12 13 15 16 17 18 | 18.4
Fighting       | 3 4 5 6 7 8 9 11 12 13 | 13.2
Stealth        | 1 2 |  2.2
Throwing       | |  1.7

Action                     |  1- 3 |  4- 6 |  7- 9 | 10-12 | 13-15 | 16-18 || total
---------------------------+-------+-------+-------+-------+-------+-------++-------
  Melee: Long sword        |    43 |    77 |     5 |       |       |       ||   125
         Dagger            |    18 |       |       |       |       |       ||    18
         Short sword       |    20 |    73 |    69 |       |       |       ||   162
         Falchion          |       |       |   170 |   272 |   928 |   100 ||  1470
         Double sword      |       |       |    92 |   273 |   415 |   104 ||   884
         Scimitar          |       |       |       |       |   493 |       ||   493
  Throw: Throwing net      |       |       |       |       |     2 |       ||     2
 Invoke: Renounce Religion |       |       |     1 |       |       |       ||     1
Ability: Invent Gizmo      |       |       |       |       |     1 |       ||     1
  Evoke: Condenser vane    |       |       |       |       |     1 |       ||     1
    Use: Scroll            |       |     9 |    12 |    11 |     4 |     2 ||    38
         Potion            |       |       |       |     3 |     1 |       ||     4
   Stab: Sleeping          |       |     2 |     3 |     4 |     1 |       ||    10
         Distracted        |       |       |     1 |     5 |    15 |     1 ||    22
         Held in net/web   |       |       |       |       |     6 |       ||     6
         Petrified         |       |       |       |       |     4 |       ||     4
 Armour: Leather armour    |    37 |    29 |     1 |   168 |   105 |       ||   340
         Ring mail         |       |    16 |   137 |       |       |       ||   153
         Gold dragon scale |       |       |       |       |   873 |    96 ||   969
  Dodge: Dodged            |    33 |    53 |   117 |   193 |   403 |    43 ||   842

Table legend: (Time is in decaauts)
 A = Elapsed time spent in this place.
 B = Non-inter-level travel time spent in this place.
 C = Inter-level travel time spent in this place.
 D = Time resting spent in this place.
 E = Time spent auto-exploring this place.
 F = Levels seen in this place.
 G = Mean time per level.
                   A        B        C        D        E       F      G
               +--------+--------+--------+--------+--------+-----+--------+
         Total |  25357 |  23611 |   1746 |   5927 |  13310 |  26 |  975.3 |
       Dungeon |  14850 |  13711 |   1139 |   3034 |   8270 |  15 |  990.0 |
          Lair |   6385 |   5935 |    450 |   1735 |   2951 |   5 | 1277.0 |
   Spider Nest |   1295 |   1257 |     38 |    332 |    755 |   2 |  647.5 |
  Orcish Mines |   1938 |   1821 |    117 |    328 |   1181 |   2 |  969.0 |
        Bazaar |    146 |    146 |      0 |    123 |      1 |   1 |  146.0 |
      Gauntlet |    741 |    741 |      0 |    375 |    151 |   1 |  741.0 |
               +--------+--------+--------+--------+--------+-----+--------+

Top non-repeatable levels by time:
  Lair:3: 1697 daAuts
     D:9: 1657 daAuts
  Lair:5: 1639 daAuts
     D:5: 1518 daAuts
   Orc:2: 1377 daAuts
    D:12: 1365 daAuts
Spider:1: 1254 daAuts
  Lair:2: 1254 daAuts
    D:10: 1233 daAuts
     D:6: 1144 daAuts
  Lair:1: 1016 daAuts
    D:13: 964 daAuts
     D:7: 910 daAuts
     D:2: 903 daAuts
    D:11: 880 daAuts
